AoeStats
← Pandoo

MegaRandom

505090784Analyzed
2v2 RM · 26d ago on Sep 7, 2026· 41m 37s· 4 players
Game mode
Random Map
Map size
Medium (4 player)
Population
200
Speed
Normal
Resources
Standard
Victory
Conquest
Starting age
Dark Age
Ending age
Imperial Age
RankedLock teamsTeams togetherTeam positionsShared explorationLock speedFull tech treeHidden civsTurbo modeCheats
Victory
Defeat
🇺🇸 Huns · United States
1115
+15
🇺🇸 Persians · United States
1046
+17
🇬🇧 Magyars · United Kingdom
1088
-16
🇬🇧 Maya · United Kingdom
1083
-16
Superpen
0:32 Loom
11:51 Feudal Age
16:38 Castle Age
22:26 Double-Bit Axe
23:16 Horse Collar
24:01 Bow Saw
27:21 Wheelbarrow
28:21 Hand Cart
28:28 Eagle Warrior
28:54 Arson
29:10 Squires
30:44 Forging
30:34 Scale Mail Armor
30:14 Pikeman
32:25 Iron Casting
34:57 Imperial Age
32:43 Heavy Plow
33:58 Chain Mail Armor
33:35 Fletching
35:59 Masonry
36:49 Chemistry
37:40 Blast Furnace
37:10 Plate Mail Armor
37:49 Fortified Wall
38:17 Holcans
38:57 Elite Eagle Warrior
The Heerynator
10:16 Loom
12:01 Feudal Age
16:27 Castle Age
20:36 Double-Bit Axe
22:36 Fletching
22:47 Padded Archer Armor
23:56 Wheelbarrow
23:19 Elite Skirmisher
24:39 Horse Collar
26:28 Hand Cart
27:15 Bodkin Arrow
27:36 Leather Archer Armor
27:55 Thumb Ring
28:55 Ballistics
30:30 Bow Saw
30:23 Heavy Plow
31:11 Scale Barding Armor
34:19 Light Cavalry
35:37 Bloodlines
35:28 Husbandry
42:28 Chain Barding Armor
Pandoo
5:58 Loom
9:08 Feudal Age
9:53 Double-Bit Axe
16:22 Castle Age
14:35 Horse Collar
16:45 Fletching
17:00 Padded Archer Armor
17:14 Padded Archer Armor
20:20 Town Watch
21:11 Wheelbarrow
24:09 Stone Mining
24:10 Gold Mining
27:53 Thumb Ring
30:08 Bodkin Arrow
33:53 Imperial Age
35:13 Bracer
35:29 Leather Archer Armor
36:35 Parthian Tactics
35:31 Heavy Cavalry Archer
37:38 Ballistics
39:21 Chemistry
39:29 Forging
39:25 Scale Barding Armor
39:54 Conscription
39:53 Hand Cart
41:03 Masonry
41:52 Heavy Plow
42:05 Bow Saw
42:33 Iron Casting
42:18 Chain Barding Armor
42:21 Bloodlines
42:11 Husbandry
41:32 Cavalier
deekzor
10:12 Feudal Age
10:39 Loom
10:41 Double-Bit Axe
13:22 Horse Collar
14:21 Forging
18:46 Castle Age
17:33 Scale Barding Armor
19:21 Bloodlines
21:20 Bow Saw
22:58 Wheelbarrow
24:17 Heavy Plow
27:18 Hand Cart
28:48 Husbandry
29:25 Chain Barding Armor
30:03 Fletching
30:26 Masonry
30:26 Gold Mining
30:15 Light Cavalry
34:22 Imperial Age
31:49 Town Watch
33:10 Bodkin Arrow
35:33 Plate Barding Armor
34:19 Cavalier
36:05 Capped Ram
37:59 Savar
40:23 Architecture
40:30 Iron Casting
Connection lost

Rejoining the realm…

Still unreachable

The connection could not be restored.

Session expired

The server has moved on; the page needs a fresh start.